 Dungeon Crawl Stone Soup version 0.19.1-1-g22dce08 (webtiles) character file.

12902 CDDA the Blocker (level 11, -4/90 HPs)
             Began as a Demonspawn Fighter on Dec 28, 2016.
             Was a High Priest of Okawaru.
             Slain by a gargoyle
             ... wielding a cursed +0 morningstar
              (14 damage)
             ... in a volcano.
             The game lasted 00:25:39 (12131 turns).

CDDA the Blocker (Demonspawn Fighter)              Turns: 12131, Time: 00:25:39

Health: -4/90      AC: 25    Str: 14      XL:     11   Next: 68%
Magic:  21/21      EV:  7    Int: 15 (16) God:    Okawaru [*****.]
Gold:   273        SH: 13    Dex: 23      Spells: 0 memorised, 10 levels left

rFire  + + +     SeeInvis +     a - +1 trident (flame)
rCold  + . .     Gourm    .     K - +8 chain mail of the Moon {rN+ MP+9 Str-3 Int+4}
rNeg   + . .     Faith    .     c - +0 shield
rPois  .         Spirit   .     (helmet unavailable)
rElec  +         Reflect  .     A - +0 cloak {rF+}
rCorr  .         Harm     .     L - +2 pair of gloves of Jabrao {rElec rF+++ Str-3 Stlth-}
MR     +++..     Clarity  +     e - +0 pair of boots
Stlth  ..........               (no amulet)
                                H - ring of the Mage {Wiz MR++ Int+3}
                                O - ring "Zuvyly" {EV+2 Dex+6}

@: no status effects
A: antennae 3, thin metallic scales 1, agile 2, clarity, cold resistance 1,
deterioration 1, high mp 1, magic resistance 1, nightstalker 1, powered by death
2, robust 1, subdued magic 1, MP-powered wands
a: Heroism, Finesse, Renounce Religion


You were in a volcano.
You worshipped Okawaru.
Okawaru was extremely pleased with you.
You were not hungry.

You visited 3 branches of the dungeon, and saw 15 of its levels.
You also visited: Volcano.

You collected 605 gold pieces.
You spent 332 gold pieces at shops.

Inventory:

Hand Weapons
 a - a +1 trident of flaming (weapon)
 b - a +1 trident of venom
 u - the +4 falchion of Destiny {speed, MP+9}
   (You found it on level 4 of the Dungeon)

   Attacks with this weapon are significantly faster.
   It affects your magic capacity (+9).
 y - the +5 flail "Avufo" {chaos, rC- MR+++ Dex+6, unknown}
   (You found it on level 10 of the Dungeon)

   Each time it hits an enemy it has a different, random effect.
   It affects your dexterity (+6).
   It makes you vulnerable to cold.
   It affects your resistance to hostile enchantments.
Missiles
 D - a throwing net (quivered)
Armour
 c - a +0 shield (worn)
 e - a +0 pair of boots (worn)
 m - a +0 large shield
 A - a +0 cloak of fire resistance (worn)
 K - the +8 chain mail of the Moon (worn) {rN+ MP+9 Str-3 Int+4}
   (You found it on level 9 of the Dungeon)

   It affects your strength (-3).
   It affects your intelligence (+4).
   It protects you from negative energy.
   It affects your magic capacity (+9).
 L - the +2 pair of gloves of Jabrao (worn) {rElec rF+++ Str-3 Stlth-}
   (You bought it in a shop on level 11 of the Dungeon)

   It affects your strength (-3).
   It renders you almost immune to fire.
   It insulates you from electricity.
   It makes you less stealthy.
Jewellery
 H - the ring of the Mage (right hand) {Wiz MR++ Int+3}
   (You found it on level 7 of the Dungeon)

   [ring of wizardry]

   It improves your spell success rate.
   It affects your intelligence (+3).
   It affects your resistance to hostile enchantments.
 O - the ring "Zuvyly" (left hand) {EV+2 Dex+6}
   (You found it on level 13 of the Dungeon)

   [ring of evasion]

   It affects your evasion (+2).
   It affects your dexterity (+6).
Wands
 j - a wand of confusion (26/48)
 t - a wand of random effects (34/48)
 v - a wand of enslavement (24/24)
 C - a wand of polymorph (13/24)
 N - a wand of lightning (6/15)
Scrolls
 p - 4 scrolls of fog
 q - 5 scrolls of amnesia
 F - 2 scrolls of recharging
 G - 3 scrolls of fear
 I - 3 scrolls of teleportation
 M - 4 scrolls of magic mapping
 P - 2 scrolls of identify
Potions
 d - a potion of haste
 g - 3 potions of resistance
 h - 3 potions of lignification
 i - 5 potions of curing
 k - 3 potions of agility
 o - a potion of heal wounds
 r - 3 potions of cure mutation
 w - a potion of brilliance
 E - a potion of invisibility
 Q - a potion of berserk rage
Miscellaneous
 l - a sack of spiders
Comestibles
 f - 7 bread rations
 n - 3 fruits
 x - 4 meat rations
 z - 6 beef jerkies
 B - 9 slices of pizza
 J - a royal jelly


   Skills:
 - Level 6.3 Fighting
 + Level 11.1 Polearms
 - Level 5.0 Armour
 + Level 11.8 Shields


You had 10 spell levels left.
You didn't know any spells.

Dungeon Overview and Level Annotations

Branches:
Dungeon (13/15)            Temple (1/1) D:5            Lair (1/6) D:11
    Orc (0/2) D:11
 Vaults: D:13-14

Altars:
Ashenzari
Cheibriados
Fedhas
Gozag
Makhleb
Okawaru
Ru
Uskayaw
Vehumet
Yredelemnul

Shops:
D:8 :   D:11 [


Innate Abilities, Weirdness & Mutations

You have a pair of large antennae on your head. (SInv)
You are partially covered in thin metallic scales. (AC +2)
You are slightly more attuned to the shadows.
You regenerate health from kills.
You are very agile. (Dex +4)
You possess an exceptional clarity of mind.
Your flesh is cold resistant. (rC+)
Your body sometimes deteriorates upon taking damage.
You have an increased reservoir of magic. (+10% MP)
You are resistant to hostile enchantments. (MR+)
You are robust. (+10% HP)
Your spells are a little easier to cast, but a little less powerful.
You expend magic power (3 MP) to strengthen your wands.


Message History

Aim: a gargoyle, wielding a morningstar (lightly damaged)
You reach to attack!
You hit the gargoyle but do no damage.
The gargoyle is lightly damaged.
You hit the gargoyle but do no damage.
The gargoyle is lightly damaged.
You barely miss the gargoyle.
The gargoyle is lightly damaged.
The gargoyle hurls a stone arrow at you.
The stone arrow hits you!
* * * LOW HITPOINT WARNING * * *
Your body deteriorates!
You feel dopey.
You are too injured to fight recklessly!
You puncture the gargoyle! You burn the gargoyle.
The gargoyle is heavily damaged.
The gargoyle hits you with a morningstar!
* * * LOW HITPOINT WARNING * * *
You hit the gargoyle but do no damage.
The gargoyle is heavily damaged.
The gargoyle hits you with a morningstar!
You die...

. .....≈≈≈≈≈≈... ##
#....≈≈≈≈≈≈§........ .##
##..§§§≈≈≈≈≈≈≈≈≈.... §.###
##...§≈≈§§≈≈≈≈≈≈≈§.[≈
§...###...≈§§≈≈≈≈≈≈§≈≈≈§§≈§
..........≈≈≈≈≈≈≈≈≈§§§§§...
.........[...≈≈≈≈≈≈≈§≈§....
................≈...§≈§....
##..............@9...)....#
###.###..####..........###
### #### ####.###.### ###
##


You could see a gargoyle.

Vanquished Creatures
  Harold (D:12)
  A centaur warrior (D:13)
  2 hill giants (D:12)
  2 ugly things
  A manticore (D:12)
  A spiny frog (Lair:1)
  2 gargoyles
  3 centaur skeletons
  A troll (D:11)
  A two-headed ogre (D:12)
  A hippogriff (D:7)
  2 vampires
  A human (D:8)
  4 hogs (D:8)
  A hungry ghost (D:11)
  2 mottled dragons
  2 hell hounds (Lair:1)
  2 water moccasins
  2 ice beasts
  A porcupine (Lair:1)
  A necrophage (D:11)
  7 orc warriors
  A sky beast (D:5)
  4 ogres (D:10)
  2 phantoms
  4 centaurs
  2 crocodiles
  A big kobold (D:11)
  4 bullfrogs
  A wyvern zombie (D:11)
  6 scorpions
  The ghost of Dolanko the Covered, a weakling MiFi (D:3)
  10 killer bees
  2 electric eels (D:11)
  A howler monkey (D:8)
  5 wights (D:9)
  8 crimson imps
  A quasit (D:11)
  3 jellies
  2 centaur zombies
  A hound (D:7)
  5 orc priests
  12 orc wizards
  4 iguanas
  8 worker ants
  A bullfrog simulacrum (D:10)
  2 hound skeletons (D:5)
  2 howler monkey zombies (D:5)
  A worker ant zombie (D:8)
  4 gnolls
  16 adders
  An ooze (D:3)
  2 adder skeletons
  An adder zombie (D:3)
  3 worms
  3 dart slugs
  2 leopard geckos
  25 orcs
  2 ball pythons
  6 bats
  6 giant cockroaches
  7 goblins
  4 hobgoblins
  5 jackals (D:1)
  3 quokkas
  5 frilled lizards
  A jackal skeleton (D:5)
  10 kobolds
  A leopard gecko skeleton (D:4)
  7 rats
249 creatures vanquished.

Notes
Turn   | Place    | Note
-------+----------+-------------------------------------------
     0 | D:1      | CDDA the Demonspawn Fighter began the quest for the Orb.
     0 | D:1      | Reached XP level 1. HP: 18/18 MP: 1/1
   189 | D:1      | Gained mutation: You have a pair of small antennae on your head. [demonic ancestry]
   189 | D:1      | Reached XP level 2. HP: 24/24 MP: 2/2
   579 | D:1      | Gained mutation: You regenerate a little health from kills. [demonic ancestry]
   579 | D:1      | Reached XP level 3. HP: 13/29 MP: 3/3
  1630 | D:2      | Gained mutation: You are slightly more attuned to the shadows. [demonic ancestry]
  1630 | D:2      | Reached XP level 4. HP: 35/35 MP: 4/4
  1769 | D:3      | Noticed Dolanko's ghost (weakling MiFi)
  2028 | D:3      | Killed Dolanko's ghost
  2028 | D:3      | Gained mutation: You regenerate health from kills. [demonic ancestry]
  2028 | D:3      | Reached XP level 5. HP: 28/41 MP: 5/5
  2124 | D:3      | Noticed a centaur
  2130 | D:3      | Killed a centaur
  2491 | D:4      | Found a radiant altar of Vehumet.
  2592 | D:4      | Gained mutation: You have a pair of antennae on your head. [demonic ancestry]
  2592 | D:4      | Reached XP level 6. HP: 28/47 MP: 6/6
  3093 | D:4      | Got an ebony falchion
  3094 | D:4      | Identified the +4 falchion of Destiny {speed, MP+9} (You found it on level 4 of the Dungeon)
  3260 | D:5      | Entered Level 5 of the Dungeon
  3336 | D:5      | Noticed an ice beast
  3349 | D:5      | HP: 1/47 [ice beast (12)]
  3351 | D:5      | Killed an ice beast
  3351 | D:5      | Reached skill level 5 in Shields
  3651 | D:5      | Gained mutation: You are partially covered in thin metallic scales. (AC +2) [demonic ancestry]
  3651 | D:5      | Reached XP level 7. HP: 46/52 MP: 7/7
  4598 | D:5      | Found a staircase to the Ecumenical Temple.
  4687 | Temple   | Entered the Ecumenical Temple
  4699 | Temple   | Became a worshipper of Warmaster Okawaru
  5014 | D:6      | Reached XP level 8. HP: 61/61 MP: 8/8
  5358 | D:6      | You fall through a shaft for 3 floors!
  5370 | D:9      | Reached skill level 5 in Fighting
  5378 | D:9      | Reached * piety under Okawaru
  5464 | D:8      | Reached skill level 5 in Armour
  5739 | D:8      | Found Iluggawk's Book Shop.
  6148 | D:6      | Reached skill level 5 in Polearms
  6283 | D:6      | Reached ** piety under Okawaru
  6592 | D:7      | Noticed a hippogriff
  6607 | D:7      | Killed a hippogriff
  7018 | D:8      | Gained mutation: You have a pair of large antennae on your head. (SInv) [demonic ancestry]
  7018 | D:8      | Reached XP level 9. HP: 70/70 MP: 9/9
  7134 | D:8      | Found a hide-covered altar of Uskayaw.
  7134 | D:8      | Found a snail-covered altar of Cheibriados.
  7468 | D:8      | Reached *** piety under Okawaru
  7976 | D:9      | Got a twisted chain mail
  7987 | D:9      | Identified the +8 chain mail of the Moon {rN+ MP+9 Str-3 Int+4} (You found it on level 9 of the Dungeon)
  8180 | D:10     | Entered Level 10 of the Dungeon
  8180 | D:10     | Noticed a gargoyle
  8193 | D:10     | Killed a gargoyle
  8227 | D:10     | HP: 2/70 [poisoned by a scorpion]
  8510 | D:9      | Reached XP level 10. HP: 77/77 MP: 10/10
  8537 | D:10     | Reached **** piety under Okawaru
  8562 | D:10     | Got a brightly glowing flail
  8611 | D:11     | Found a staircase to the Lair.
  9869 | D:11     | Reached skill level 10 in Shields
  9985 | D:11     | Noticed a green ugly thing
 10016 | D:11     | Killed a green ugly thing
 10016 | D:11     | Reached ***** piety under Okawaru
 10023 | D:11     | Gained mutation: Your body sometimes deteriorates upon taking damage. [mutagenic meat]
 10024 | D:11     | Gained mutation: You are robust. (+10% HP) [mutagenic meat]
 10025 | D:11     | Gained mutation: You have an increased reservoir of magic. (+10% MP) [mutagenic meat]
 10026 | D:11     | Gained mutation: Your flesh is cold resistant. (rC+) [mutagenic meat]
 10059 | D:11     | Found Puireh's Antique Armour Shop.
 10064 | D:11     | Bought a pair of ichor-stained gloves for 332 gold pieces
 10074 | D:11     | Identified the +2 pair of gloves of Jabrao {rElec rF+++ Str-3 Stlth-} (You bought it in a shop on level 11 of the Dungeon)
 10254 | D:11     | Found a staircase to the Orcish Mines.
 10324 | D:11     | Reached XP level 11. HP: 90/90 MP: 12/12
 10511 | D:11     | Received a gift from Okawaru
 10524 | D:11     | Got a ripped robe {god gift}
 10609 | D:12     | Noticed a hill giant
 10719 | D:12     | Killed a hill giant
 10719 | D:12     | Reached skill level 10 in Polearms
 10949 | D:12     | Gained mutation: You are agile. (Dex +2) [potion of mutation]
 10949 | D:12     | Gained mutation: You are very agile. (Dex +4) [potion of mutation]
 10949 | D:12     | Gained mutation: You expend magic power (3 MP) to strengthen your wands. [potion of mutation]
 10950 | D:12     | Gained mutation: Your spells are a little easier to cast, but a little less powerful. [potion of mutation]
 10950 | D:12     | Gained mutation: You are resistant to hostile enchantments. (MR+) [potion of mutation]
 11013 | D:12     | Noticed a purple ugly thing
 11026 | D:12     | Killed a purple ugly thing
 11031 | D:12     | Gained mutation: You possess an exceptional clarity of mind. [mutagenic meat]
 11308 | D:12     | Noticed a hill giant
 11321 | D:12     | Killed a hill giant
 11342 | D:12     | Identified the +1 robe "Ralec" {rElec rF+ Str-5 Dex+4} (Okawaru gifted it to you on level 11 of the Dungeon)
 11344 | D:12     | Noticed Harold
 11361 | D:12     | Killed Harold
 11582 | D:13     | Got a scintillating jade ring
 11584 | D:13     | Identified the ring "Zuvyly" {EV+2 Dex+6} (You found it on level 13 of the Dungeon)
 11772 | D:13     | Noticed a centaur warrior
 11782 | D:13     | Killed a centaur warrior
 11868 | Lair:1   | Entered Level 1 of the Lair of Beasts
 12025 | Lair:1   | Found a dark tunnel.
 12070 | Volcano  | Entered a volcano
 12131 | Volcano  | Slain by a gargoyle

Skill      XL: |  1  2  3  4  5  6  7  8  9 10 11 |
---------------+----------------------------------+-----
Polearms       | 2 3 4 5 7 9 11 | 11.1
Shields        | 3 4 5 6 7 9 10 11 | 11.8
Armour         | 3 4 5 |  5.0
Fighting       | 4 6 |  6.3

Action                   |  1- 3 |  4- 6 |  7- 9 | 10-12 || total
-------------------------+-------+-------+-------+-------++-------
Melee: Trident           |   154 |   148 |   340 |   631 ||  1273
       Falchion          |       |    33 |   164 |       ||   197
Throw: Throwing net      |       |       |       |     1 ||     1
  Use: Scroll            |     4 |     6 |    11 |     7 ||    28
       Potion            |     1 |     2 |     9 |     5 ||    17
 Stab: Distracted        |       |       |       |     1 ||     1
  Eat: Chunk             |     3 |     2 |    14 |    21 ||    40
       Pizza             |       |     2 |       |       ||     2
       Royal jelly       |       |       |     1 |       ||     1
       Fruit             |       |       |     1 |       ||     1
Armor: Scale mail        |    89 |    49 |    58 |       ||   196
       Ring mail         |       |       |    79 |       ||    79
       Chain mail        |       |       |    87 |   234 ||   321
Dodge: Dodged            |    58 |    37 |   119 |    85 ||   299
Block: Shield            |    93 |    76 |   236 |   283 ||   688
       Rpst.: Falchion   |       |     2 |    14 |       ||    16
